 Dungeon Crawl Stone Soup version 0.22-a0-224-g8cf3520 (webtiles) character file.

142 Azzok the Firebug (level 5, 0/28 HPs)
             Began as a Deep Elf Fire Elementalist on Feb 19, 2018.
             Killed from afar by an orc wizard (11 damage)
             ... with a puff of flame
             ... on level 3 of the Dungeon.
             The game lasted 00:03:52 (2758 turns).

Azzok the Firebug (Deep Elf Fire Elementalist)      Turns: 2758, Time: 00:03:53

Health: 0/28       AC:  2    Str:  5    XL:     5   Next: 3%
Magic:  8/11       EV: 13    Int: 21    God:
Gold:   226        SH:  0    Dex: 15    Spells: 2/10 levels left

rFire    . . .     SeeInvis .   g - +0 long sword
rCold    . . .     Gourm    .   (no shield)
rNeg     . . .     Faith    .   a - +0 robe
rPois    +         Spirit   .   (no helmet)
rElec    .         Reflect  .   (no cloak)
rCorr    .         Harm     .   (no gloves)
MR       .....                  (no boots)
Stlth    ++........             (no amulet)
HPRegen  0.09/turn              s - ring of poison resistance
MPRegen  0.12/turn              (no ring)

@: no status effects
A: no striking features
a: no special abilities


You were on level 3 of the Dungeon.
You were not hungry.

You visited 1 branch of the dungeon, and saw 3 of its levels.

You collected 226 gold pieces.

Inventory:

Hand Weapons
 g - a +0 long sword (weapon)
Armour
 a - a +0 robe (worn)
Jewellery
 s - a ring of poison resistance (left hand)
Scrolls
 c - a scroll of random uselessness {unknown}
 d - 3 scrolls of enchant weapon {unknown}
 f - 2 scrolls of teleportation {unknown}
 k - 7 scrolls of identify {unknown}
 l - 2 scrolls of fog {unknown}
 n - a scroll of remove curse {unknown}
 p - a scroll of amnesia {unknown}
Potions
 e - 3 potions of brilliance {unknown}
 h - a potion of invisibility {unknown}
 i - a potion of mutation {unknown}
 j - a potion of agility {unknown}
 m - 2 potions of heal wounds {unknown}
 o - a potion of cancellation {unknown}
 q - a potion of lignification {unknown}
 r - a potion of ambrosia {unknown}
Comestibles
 b - 12 rations
 t - 4 chunks of flesh


   Skills:
 - Level 2.4 Dodging
 - Level 2.4 Stealth
 - Level 3.0 Spellcasting
 + Level 3.8 Conjurations
 + Level 5.0 Fire Magic


You had 2 spell levels left.
You knew the following spells:

 Your Spells              Type           Power        Failure   Level  Hunger
a - Flame Tongue          Conj/Fire      ###..        2%          1    None
b - Conjure Flame         Conj/Fire      ###.....     6%          3    ###....
c - Sticky Flame          Conj/Fire      ###.....     22%         4    ####...


Dungeon Overview and Level Annotations

Branches:
Dungeon (3/15)

Altars:
Zin


Message History

An orc comes into view. It is wielding a flail.
Casting: Flame Tongue (safe; 2% risk of failure)
Confirm with . or Enter, or press ? or * to list all spells.
Aiming: Flame Tongue (safe; 2% risk of failure)
Press: ? - help, Shift-Dir - straight line, f - orc
Aim: an orc, wielding a whip The flame tongue hits the orc.
You kill the orc!
The orc wizard casts a spell at you. The puff of frost hits you!
Casting: Flame Tongue (safe; 2% risk of failure)
Confirm with . or Enter, or press ? or * to list all spells.
Aiming: Flame Tongue (safe; 2% risk of failure)
Press: ? - help, Shift-Dir - straight line, f - orc wizard
Aim: an orc wizard, wielding a dagger and wearing a robe The flame tongue hits the orc wizard.
The orc wizard is heavily wounded.
The orc wizard casts a spell at you. The puff of flame hits you!
You die...

·········▒·▒··▒··········▒ ▒·····
▒▒·▒·····▒·▒··▒·▒·▒ ▒·▒··▒ ▒·▒·▒▒
▒▒················▒·▒····▒▒▒·▒·▒
·····························▒·▒
▒▒▒▒············▒·▒·▒········▒·▒
·········▒▒▒▒▒▒▒▒···▒·▒··)···▒·▒▒
······▒▒·▒ ····▒ ▒··········
······▒▒·▒ ▒·▒▒▒▒·▒▒▒·▒··▒▒▒·····
······▒▒·▒ ▒oo))@·····▒··········
······▒▒·▒ ▒▒▒▒▒▒·▒▒▒▒▒··▒▒▒·····
▒▒▒▒▒▒▒▒·▒ ▒·▒··(····▒▒▒▒▒▒▒
▒····▒ ▒▒·▒·····▒·▒▒▒▒▒▒ ▒·▒▒▒▒
▒▒····▒▒▒▒·······▒ ▒·▒
▒········▒▒▒▒····▒ ▒·▒ ▒······▒·▒
▒····▒▒ ▒·▒
▒▒▒▒▒······▒·▒▒▒▒······ ▒·▒
▒···▒·)····▒···········


You could see an orc wizard and an orc.

Vanquished Creatures
  A hound (D:2)
  A worker ant (D:3)
  4 adders
  A worm (D:2)
  2 leopard geckos
  4 orcs (D:3)
  4 bats
  5 giant cockroaches
  3 goblins
  7 hobgoblins
  2 jackals (D:3)
  2 quokkas (D:3)
  2 frilled lizards (D:1)
  3 kobolds
  5 rats
46 creatures vanquished.

Notes
Turn   | Place    | Note
-------+----------+-------------------------------------------
     0 | D:1      | Azzok the Deep Elf Fire Elementalist began the quest for the Orb.
     0 | D:1      | Reached XP level 1. HP: 10/10 MP: 6/6
    39 | D:1      | You fall through a shaft!
    94 | D:2      | Noticed a hound
   100 | D:2      | Killed a hound
   100 | D:2      | Reached skill level 4 in Fire Magic
   100 | D:2      | Reached XP level 2. HP: 10/15 MP: 5/8
   100 | D:2      | Reached XP level 3. HP: 13/19 MP: 5/9
   140 | D:2      | Learned a level 3 spell: Conjure Flame
  1543 | D:2      | Reached XP level 4. HP: 24/24 MP: 1/10
  1664 | D:2      | Found a glowing silver altar of Zin.
  1670 | D:2      | Learned a level 4 spell: Sticky Flame
  2357 | D:3      | Reached skill level 5 in Fire Magic
  2619 | D:3      | Noticed a centaur
  2642 | D:3      | Reached XP level 5. HP: 28/28 MP: 7/11
  2758 | D:3      | Killed from afar by an orc wizard

Vault maps used:
D:1:      dpeg_arrival_line_fractal, minmay_cupped
D:2:      zin_statuary, feat_on_display
D:3:      first_ration, lightli_corner_chamber

Skill      XL: |  1  2  3  4 |
---------------+-------------+-----
Conjurations   | 2 3 |  3.8
Fire Magic     | 4 5 |  5.0
Dodging        | |  2.4
Stealth        | |  2.4
Spellcasting   | |  3.0

Action                   |  1- 3 |  4- 6 || total
-------------------------+-------+-------++-------
Melee: Long sword        |       |     1 ||     1
 Cast: Flame Tongue      |    48 |    42 ||    90
       Conjure Flame     |     1 |       ||     1
       Sticky Flame      |       |     1 ||     1
  Eat: Chunk             |     2 |     4 ||     6
Armor: Robe              |     2 |     2 ||     4
Dodge: Dodged            |    13 |    15 ||    28
       Rpst.: Long sword |     3 |     8 ||    11

Table legend:
 A = Spawn XP
 B = Non-spawn XP
 C = Spawn XP percentage of total XP
 D = Spawn monster count
 E = Non-spawn monster count
 F = Spawn count percentage of total count
 G = Total turns spent on level
                    A         B        C        D         E        F      G
               +---------+---------+-------+---------+---------+-------+---------
         Total |       0 |     203 |   0.0 |       0 |      46 |   0.0 |  2758
               +---------+---------+-------+---------+---------+-------+---------
           D:1 |       0 |      26 |   0.0 |       0 |      15 |   0.0 |  1038
           D:2 |       0 |      79 |   0.0 |       0 |       8 |   0.0 |  1036
           D:3 |       0 |      98 |   0.0 |       0 |      23 |   0.0 |   684
               +---------+---------+-------+---------+---------+-------+---------
